 Dungeon Crawl Stone Soup version 0.27-a0-597-g524d869a0f (webtiles) character file.

Game seed: 14447454593993626026

87 nightchill the Sneak (level 4, 0/42 HPs)
             Began as a Kobold Brigand on Mar 11, 2021.
             Succumbed to an adder's poison
             ... on level 2 of the Dungeon.
             The game lasted 00:02:59 (1452 turns).

nightchill the Sneak (Kobold Brigand)               Turns: 1452, Time: 00:02:59

Health: 0/42       AC: 22    Str:  8    XL:     4   Next: 80%
Magic:  4/4        EV:  3    Int: 12    God:
Gold:   36         SH:  0    Dex: 17    Spells: 3/3 levels left

rFire    . . .     SeeInvis .   a - +2 dagger
rCold    . . .     Faith    .   (shield restricted)
rNeg     + + +     Spirit   .   (armour currently unavailable)
rPois    +         Reflect  .   (helmet currently unavailable)
rElec    .         Harm     .   (cloak currently unavailable)
rCorr    .         Rampage  .   (gloves currently unavailable)
Will     .....     NoTele   +   (boots currently unavailable)
Stlth    ++++......             (no amulet)
HPRegen  0.14/turn              (no ring)
MPRegen  0.09/turn              (no ring)

@: mighty, lethally poisoned (0 -> -4), tree-form
A: small, nightstalker 3
a: no special abilities


You were on level 2 of the Dungeon.
You were a tree.
You visited 1 branch of the dungeon, and saw 2 of its levels.

You collected 36 gold pieces.

Inventory:

Hand Weapons
 a - a +2 dagger (weapon)
Missiles
 d - 8 poisoned darts (quivered)
 e - 2 curare-tipped darts
 f - 29 stones
Armour
 b - a +0 robe
 c - a +0 cloak (melded)
 l - a +0 pair of gloves (melded)
 n - a +0 scale mail (melded)
Scrolls
 g - 2 scrolls of amnesia
 i - a scroll of random uselessness {unknown}
 k - 4 scrolls of enchant armour {unknown}
 m - 2 scrolls of identify {unknown}


   Skills:
 + Level 3.1 Fighting
 - Level 2.6(3.6) Short Blades
 * Level 2.2(2.4) Long Blades
 - Level 2.1 Throwing
 - Level 1.2 Dodging
 + Level 6.1 Stealth


You had 3 spell levels left.
You didn't know any spells.
Your spell library was empty.

Dungeon Overview and Level Annotations

Branches:
Dungeon (2/15)

Altars:

Annotations:
D:2 Terence


Innate Abilities, Weirdness & Mutations

You are small and have problems with some larger weapons.
You are completely attuned to the shadows.


Message History

You feel sick. The adder bites you but does no damage.
You puncture the adder!
You kill the adder!
* * * LOW HITPOINT WARNING * * *
You feel sick.
You hit the scorpion.
The scorpion is lightly wounded.
The scorpion stings you but does no damage.
You barely miss the scorpion.
The scorpion is lightly wounded.
* * * LOW HITPOINT WARNING * * *
You feel sick.
You hit the scorpion.
The scorpion is moderately wounded.
The scorpion stings you but does no damage.
You hit the scorpion.
The scorpion is heavily wounded.
* * * LOW HITPOINT WARNING * * *
You feel sick. The scorpion stings you.
* * * LOW HITPOINT WARNING * * *
You barely miss the scorpion.
The scorpion is heavily wounded.
The scorpion stings you but does no damage.
You hit the scorpion.
The scorpion is severely wounded.
* * * LOW HITPOINT WARNING * * *
You feel sick.
The scorpion stings you but does no damage.
You puncture the scorpion!
You kill the scorpion!
Your Fighting skill increases to level 3!
Your Long Blades skill increases to level 2!
Your Stealth skill increases to level 6!
You have reached level 4!
There is a lethal amount of poison in your body!
You aren't carrying any potions.
As you read the scroll labelled XOODOM MIYGA, it crumbles to dust.
It is a scroll of amnesia.
You feel forgetful for a moment.
You die...

#.... .<.# ..#
#.#
###########)#
....<.....#♣#
####
#########.#.#
..# #÷#.# #.#
#.#.#####.####
#.#...........
#......##.####
######.##.#
#.##.# #.##.#


There were no monsters in sight!

Vanquished Creatures
  A scorpion (D:2)
  2 adders (D:2)
  A dart slug (D:1)
  A ball python (D:1)
  2 bats (D:1)
  3 giant cockroaches (D:1)
  A goblin (D:1)
  A hobgoblin (D:2)
  2 frilled lizards
  4 kobolds (D:1)
  4 rats (D:1)
22 creatures vanquished.

Notes
Turn   | Place    | Note
-------+----------+-------------------------------------------
     0 | D:1      | nightchill the Kobold Brigand began the quest for the Orb.
     0 | D:1      | Reached XP level 1. HP: 12/12 MP: 1/1
   194 | D:1      | Reached XP level 2. HP: 18/18 MP: 2/2
   472 | D:1      | Reached skill level 1 in Long Blades
  1027 | D:2      | Noticed Terence
  1037 | D:2      | Reached XP level 3. HP: 22/22 MP: 3/3
  1040 | D:2      | Noticed a scorpion
  1448 | D:2      | HP: 1/33 [scorpion (3)]
  1451 | D:2      | Killed a scorpion
  1452 | D:2      | Reached skill level 6 in Stealth
  1452 | D:2      | Reached XP level 4. HP: 1/28 MP: 4/4
  1452 | D:2      | Succumbed to an adder's poison

Illustrated notes

Levels and vault maps discovered:
D:1:      lightli_arrival_maybe_door_vault, layout_loops_ring,
          kennysheep_another_room
D:2:      layout_loops_ring, uniq_terence

Skill      XL: |  1  2  3 |
---------------+----------+-----
Long Blades    | 1 2 |  2.2
Fighting       | 3 |  3.1
Stealth        | 6 |  6.1
Short Blades   | |  2.6
Throwing       | |  2.1
Dodging        | |  1.2

Action                   |  1- 3 |  4- 6 || total
-------------------------+-------+-------++-------
Melee: Dagger            |    64 |       ||    64
  Use: Potion            |     2 |       ||     2
       Scroll            |       |     1 ||     1
 Stab: Sleeping          |    13 |       ||    13
Armor: Robe              |     5 |       ||     5
       Scale mail        |     7 |       ||     7
       Skin              |     5 |       ||     5
Dodge: Dodged            |    22 |       ||    22

Table legend: (Time is in decaauts)
 A = Elapsed time spent in this place.
 B = Non-inter-level travel time spent in this place.
 C = Inter-level travel time spent in this place.
 D = Time resting spent in this place.
 E = Time spent auto-exploring this place.
 F = Levels seen in this place.
 G = Mean time per level.
                   A        B        C        D        E       F      G
               +--------+--------+--------+--------+--------+-----+--------+
         Total |   1441 |   1415 |     26 |    326 |    843 |   2 |  720.5 |
       Dungeon |   1441 |   1415 |     26 |    326 |    843 |   2 |  720.5 |
               +--------+--------+--------+--------+--------+-----+--------+

Top non-repeatable levels by time:
     D:1: 1007 daAuts
     D:2: 434 daAuts
